 Dungeon Crawl Stone Soup version 0.19.3-1-g3169bf9 (webtiles) character file.

201 nono the Sneak (level 6, 0/39 HPs)
             Began as a Halfling Assassin on Jan 24, 2017.
             Was a Follower of Qazlal.
             Succumbed to a worker ant's poison
             ... on level 4 of the Dungeon.
             The game lasted 00:09:06 (3253 turns).

nono the Sneak (Halfling Assassin)                  Turns: 3253, Time: 00:09:06

Health: 0/39       AC:  6    Str: 14    XL:     6   Next: 7%
Magic:  6/6        EV: 15    Int:  9    God:    Qazlal [*.....]
Gold:   79         SH:  1    Dex: 16    Spells: 0 memorised, 5 levels left

rFire  + . .     SeeInvis .     a - +2 dagger
rCold  . . .     Gourm    .     m - +0 ring mail
rNeg   . . .     Faith    .     (shield restricted)
rPois  .         Spirit   .     (no helmet)
rElec  .         Reflect  .     d - +0 cloak
rCorr  .         Harm     .     (no gloves)
MR     .....                    (no boots)
Stlth  ++........               h - amulet of rage
                                (no ring)
                                o - ring of protection from fire

@: lethally poisoned (0 -> -12)
A: mutation resistance 1
a: Renounce Religion, Evoke Berserk Rage


You were on level 4 of the Dungeon.
You worshipped Qazlal.
Qazlal was aware of your devotion.
You were hungry.

You visited 1 branch of the dungeon, and saw 4 of its levels.

You collected 79 gold pieces.

Inventory:

Hand Weapons
 a - a +2 dagger (weapon)
 b - a +0 blowgun
 e - a +0 falchion
Missiles
 f - 2 curare-tipped needles
 i - 21 poisoned needles
Armour
 c - a +0 robe
 d - a +0 cloak (worn)
 m - a +0 ring mail (worn)
 p - a +0 chain mail
Jewellery
 h - an amulet of rage (around neck)
 o - a ring of protection from fire (left hand)
Wands
 u - a wand of disintegration (9/24)
Scrolls
 l - a scroll of identify
 r - a scroll of blinking
 s - a scroll of teleportation {unknown}
 v - 3 scrolls of enchant armour
Potions
 j - a potion of cure mutation
 q - a potion of flight
Comestibles
 g - 2 bread rations
 k - a slice of pizza
 n - a meat ration
 t - a chunk of flesh


   Skills:
 - Level 1.7 Fighting
 - Level 2.4(2.6) Short Blades
 + Level 1.2(1.8) Long Blades
 - Level 2.0 Throwing
 + Level 3.5 Armour
 + Level 3.7 Dodging
 - Level 5.0 Stealth


You had 5 spell levels left.
You didn't know any spells.

Dungeon Overview and Level Annotations

Branches:
Dungeon (4/15)
 Temple: D:4-7

Altars:
Qazlal
Vehumet


Innate Abilities, Weirdness & Mutations

You are small and have problems with some larger weapons.
You are somewhat resistant to further mutation.


Message History

You feel sick. The worker ant bites you.
* * * LOW HITPOINT WARNING * * *
You are more poisoned.
The worker ant poisons you!
Okay, then.
You hit the worker ant but do no damage.
The worker ant is severely wounded.
* * * LOW HITPOINT WARNING * * *
You feel sick.
The worker ant bites you but does no damage.
Unknown command.
* * * LOW HITPOINT WARNING * * *
You feel sick.
* * * LOW HITPOINT WARNING * * *
You feel sick.
* * * LOW HITPOINT WARNING * * *
You feel sick. The worker ant barely misses you.
* * * LOW HITPOINT WARNING * * *
You feel sick.
You die...

....... #.....####
######........#####
.................#
#.......#..)....###
#.....#...........#
####....###.....#.....
.........§<.#.#).......
.......@§.........##...
.........a.#......#
.......###$...[.....
##...## #####.......
#... #####.... ....
.#.# ... ...


You could see a worker ant.

Vanquished Creatures
  2 orc wizards
  4 gnolls (D:3)
  3 adders
  2 oozes
  3 worms
  2 leopard geckos (D:3)
  7 orcs
  3 giant cockroaches
  7 goblins
  5 hobgoblins
  4 jackals
  3 kobolds
  2 quokkas
  3 bats
  6 frilled lizards
  5 rats
61 creatures vanquished.

Vanquished Creatures (others)
  3 orcs (D:3)
  2 goblins (D:3)
  A ball python (D:3)
  A bat (D:3)
  A frilled lizard (D:3)
  A rat (D:2)
9 creatures vanquished.

Grand Total: 70 creatures vanquished

Notes
Turn   | Place    | Note
-------+----------+-------------------------------------------
     0 | D:1      | nono the Halfling Assassin began the quest for the Orb.
     0 | D:1      | Reached XP level 1. HP: 14/14 MP: 1/1
   439 | D:1      | Reached XP level 2. HP: 6/19 MP: 2/2
  1027 | D:2      | Reached skill level 1 in Armour
  1091 | D:2      | Reached XP level 3. HP: 21/24 MP: 3/3
  1105 | D:2      | Reached skill level 5 in Stealth
  1318 | D:2      | Found a stormy altar of Qazlal.
  1323 | D:2      | Became a worshipper of Qazlal Stormbringer
  1714 | D:3      | Reached XP level 4. HP: 12/29 MP: 4/4
  2025 | D:3      | Found a radiant altar of Vehumet.
  2076 | D:3      | Reached XP level 5. HP: 34/34 MP: 5/5
  2120 | D:3      | HP: 2/51 [worm (6)]
  2125 | D:3      | HP: 2/51 [worm (1)]
  2633 | D:3      | Reached * piety under Qazlal
  3225 | D:4      | Reached skill level 1 in Long Blades
  3225 | D:4      | Reached XP level 6. HP: 26/39 MP: 6/6
  3251 | D:4      | HP: 1/39 [poisoned by a worker ant]
  3253 | D:4      | Succumbed to a worker ant's poison

Skill      XL: |  1  2  3  4  5 |
---------------+----------------+-----
Armour         | 1 2 3 |  3.5
Stealth        | 5 |  5.0
Dodging        | 2 3 |  3.7
Long Blades    | 1 |  1.2
Fighting       | |  1.7
Short Blades   | |  2.4
Throwing       | |  2.0

Action                   |  1- 3 |  4- 6 || total
-------------------------+-------+-------++-------
Melee: Dagger            |   116 |   144 ||   260
 Fire: Blowgun           |     5 |     9 ||    14
Throw: Throwing net      |       |     1 ||     1
  Use: Potion            |     5 |     2 ||     7
       Scroll            |       |     6 ||     6
 Stab: Sleeping          |     5 |     1 ||     6
       Held in net/web   |       |     1 ||     1
  Eat: Chunk             |     2 |     5 ||     7
Armor: Robe              |     4 |       ||     4
       Ring mail         |    25 |    37 ||    62
       Skin              |    17 |    34 ||    51
Dodge: Dodged            |    60 |    98 ||   158
Block: Other             |       |     2 ||     2
